 Dungeon Crawl Stone Soup version 0.17-a0-1914-gde4187c (webtiles) character file.

127412 Loris the Spry (level 17, 0/150 HPs)
             Began as a Merfolk Hunter on Sept 25, 2015.
             Was a High Priest of Okawaru.
             Engulfed by a cloud of poison gas (8 damage)
             ... on level 4 of the Swamp on Sept 26, 2015.
             The game lasted 03:04:11 (34221 turns).

Loris the Spry (Merfolk Hunter)                    Turns: 34221, Time: 03:04:11

Health: 0/150      AC: 20    Str: 17    XL:     17   Next: 1%
Magic:  20/20      EV: 29    Int: 17    God:    Okawaru [*****.]
Gold:   2190       SH: 15    Dex: 20    Spells: 2 memorised, 12 levels left

rFire  + + .     SeeInvis +     x - +9 trident (elec)
rCold  . . .     Clarity  .     k - +4 ring mail {rF+}
rNeg   + + .     SustAt   .     q - +2 shield {reflect}
rPois  .         Gourm    .     Q - +1 helmet
rElec  .         Spirit   .     a - +2 cloak "Zecae" {rN+ MR+ Int+5}
rCorr  .         Warding  +     G - +2 pair of gloves
rMut   .         Stasis   .     (boots currently unavailable)
MR     ++...                    w - amulet of warding
Stlth  ++++......               m - ring of protection from fire
                                A - ring of see invisible

@: mighty, lethally poisoned (0 -> -7), very quick, very resistant to hostile
enchantments, stealthy
A: change form in water, swift swim, robust 1
a: Heroism, Finesse, Renounce Religion


You were on level 4 of the Swamp.
You worshipped Okawaru.
Okawaru was extremely pleased with you.
You were very hungry.

You visited 4 branches of the dungeon, and saw 31 of its levels.
You also visited: Sewer and Ice Cave.

You collected 2693 gold pieces.
You spent 503 gold pieces at shops.

Inventory:

Hand weapons
 j - a +1 antimagic demon trident
 x - a +9 trident of electrocution (weapon)
Missiles
 T - 4 poisoned javelins (quivered)
 W - 2 javelins of penetration
Armour
 a - the +2 cloak "Zecae" (worn) {rN+ MR+ Int+5}
   (You found it on level 9 of the Dungeon)

   It affects your intelligence (+5).
   It protects you from negative energy.
   It affects your resistance to hostile enchantments.
 k - a +4 ring mail of fire resistance (worn)
 q - a +2 shield of reflection (worn)
 s - a +2 pair of boots (melded)
 G - a +2 pair of gloves (worn)
 K - the +2 shield of Resistance {rF+ rC+ MR+}
   (You found it on level 6 of the Dungeon)

   It protects you from fire.
   It protects you from cold.
   It affects your resistance to hostile enchantments.
 Q - a +1 helmet (worn)
Jewellery
 m - a ring of protection from fire (right hand)
 w - an amulet of warding (around neck)
 A - a ring of see invisible (left hand)
 F - an uncursed amulet of rage
 H - an uncursed ring of positive energy
 M - an uncursed ring of protection from cold
 O - an uncursed ring of sustain attributes
Magical devices
 b - a wand of teleportation (2)
 g - a wand of teleportation (5)
 Y - a wand of disintegration (9)
Scrolls
 c - 2 scrolls of blinking
 f - 8 scrolls of magic mapping
 n - 7 scrolls of remove curse
 y - 4 scrolls of recharging
 B - a scroll of immolation {unknown}
 E - 2 scrolls of fog
 N - 4 scrolls of enchant armour
 P - a scroll of brand weapon
 R - a scroll of enchant weapon
 U - 8 scrolls of identify
 V - 3 scrolls of teleportation
Potions
 h - 6 potions of agility
 i - a potion of magic
 l - 5 potions of brilliance
 o - 3 potions of resistance
 r - 2 potions of might
 u - 15 potions of curing
 v - 2 potions of berserk rage
 C - a potion of beneficial mutation
 I - a potion of invisibility {unknown}
 J - 5 potions of flight
 L - 3 potions of haste
 X - a potion of cure mutation
Books
 d - a book of Spatial Translocations

   Spells                             Type                      Level
   a - Apportation                    Translocation                1
   b - Blink                          Translocation                2
   c - Shroud of Golubria             Charms/Translocation         2
   d - Portal Projectile              Translocation                3
   e - Teleport Other                 Translocation                3
   f - Passage of Golubria            Translocation                4
Miscellaneous
 p - a sack of spiders {used: 1}
 D - an ornate deck of changes {the Blade}
Comestibles
 e - 19 bread rations
 t - 11 slices of pizza
 z - 7 meat rations
 S - 14 fruits


   Skills:
 + Level 13.5 Fighting
 - Level 14.1 Polearms
 + Level 13.2 Throwing
 + Level 9.7 Armour
 + Level 16.0 Dodging
 - Level 6.4 Stealth
 + Level 11.1 Shields
 + Level 2.8 Translocations
 - Level 5.1 Invocations


You had 12 spell levels left.
You knew the following spells:

 Your Spells              Type           Power        Failure   Level  Hunger
a - Blink                 Tloc           N/A          34%         2    ###....
b - Shroud of Golubria    Chrm/Tloc      #.........   67%         2    ###....


Dungeon Overview and Level Annotations

Branches:
Dungeon (15/15)            Temple (0/1) D:5            Lair (8/8) D:11
  Swamp (4/4) Lair:4        Snake (0/4) Lair:6        Slime (0/6) Lair:8
    Orc (4/4) D:12         Vaults (0/5) D:14         Depths (0/5) D:15
    Elf: Orc:3-4

Altars:
Ashenzari
Cheibriados
Dithmenos
Elyvilon
Fedhas
Kikubaaqudgha
Nemelex Xobeh
Okawaru
Ru
Xom
Yredelemnul
Zin
Beogh
Jiyva

Shops:
D:9 (!   D:13 (   Orc:1 (   Orc:2 *   Orc:4 =(((

Annotations:
D:11 1 runed door
Swamp:4 Appriser's ghost, mighty TrMo


Innate Abilities, Weirdness & Mutations

You revert to your normal form in water.
You are very nimble and swift while swimming.
You are robust (+10% HP).


Message History

You kill the swamp dragon!
Okawaru accepts your kill.
You have reached level 17!
You are engulfed in poison gas.
You are more poisoned.
* * * LOW HITPOINT WARNING * * *
x2 You feel sick.
You puncture Appriser's ghost!
You tail-slap Appriser's ghost, but do no damage.
Appriser's ghost is lightly damaged.
You are engulfed in poison gas.
You are lethally poisoned!
* * * LOW HITPOINT WARNING * * *
You feel very sick. Appriser's ghost hits you!!
* * * LOW HITPOINT WARNING * * *
Drink which item? (? for menu, Esc to quit)
You feel better.
You are engulfed in poison gas.
You are poisoned.
You die...

≈≈≈≈≈≈≈≈.%......≈≈≈≈≈
.≈≈.≈≈≈≈.§††..).§≈≈≈≈
≈≈≈≈≈≈≈≈≈..≈≈≈..≈≈≈≈
♣..≈.≈≈≈≈♣.≈≈§≈≈≈≈≈
♣♣♣♣§≈≈≈§♣.≈W≈≈≈≈≈.
♣♣.§≈.≈.≈≈≈≈≈..♣
♣♣♣....♣♣.≈≈≈≈.♣♣≈
♣♣♣§§§≈≈♣♣♣.≈≈≈≈.♣≈.
♣.§@W.≈§♣ ♣♣♣≈≈≈.W≈.
§.≈≈.≈§§§...≈♣ ♣[.≈≈..≈
.§≈≈≈≈≈≈§§§.≈≈♣ ♣♣♣≈††.≈
..≈.≈≈≈≈≈..≈...♣ ♣@≈≈.≈
...≈..........♣.≈♣..♣♣≈≈
♣≈≈.......#......k§≈ ♣♣.
≈♣♣≈≈......≈.§....§ ♣.
♣♣≈.♣♣♣≈♣.≈≈≈≈k.≈ .≈.
.... .≈..


You could see Appriser's ghost.

Vanquished Creatures
  Roxanne (D:14)
  The ghost of kae the Crack Shot, a mighty HEHu of Okawaru (D:15)
  Donald (Swamp:4)
  Maud (Orc:2)
  A frost giant (IceCv)
  Nessos (D:13)
  2 dire elephants
  A vault guard (D:14)
  Fannar (Lair:2)
  15 hydras
  Erica (D:9)
  2 ghost crabs (Swamp:2)
  A deep troll shaman (Lair:8)
  A catoblepas (Lair:8)
  8 alligators
  2 tengu warriors
  12 death yaks
  An orc high priest (Orc:4)
  Sonja (Lair:4)
  A fire crab (Lair:7)
  An unseen horror (D:15)
  A shambling mangrove (Swamp:3)
  3 swamp dragons (Swamp:4)
  An ice statue (IceCv)
  2 obsidian statues (D:13)
  5 hill giants
  Pikel (D:7)
  A necromancer (D:14)
  5 orc sorcerers (Orc:4)
  3 ugly things
  3 griffons
  An orc knight (Orc:2)
  A manticore (D:14)
  A salamander (D:15)
  29 elephants
  4 hornets
  A centaur zombie (D:14)
  7 black mambas
  Joseph (D:9)
  8 komodo dragons
  7 spiny frogs
  2 gargoyles (D:12)
  A fire drake (Lair:2)
  A yaktaur (D:14)
  An efreet (D:14)
  4 spriggan druids
  A tengu conjurer (D:10)
  8 trolls
  A merfolk (D:15)
  A wolf spider simulacrum (D:14)
  19 polar bears
  A polar bear (shapeshifter) (D:15)
  A giant leech (Swamp:3)
  A boulder beetle (Lair:5)
  9 blink frogs
  3 bog bodies
  The ghost of Loris the Archer, an average HEHu (D:4)
  24 slime creatures
  A wraith (D:13)
  25 yaks
  23 humans
  7 spriggans
  A shadow (Swamp:3)
  A centaur simulacrum (D:15)
  A trapdoor spider (shapeshifter) (D:13)
  4 deep elf magi
  13 hippogriffs
  A fire elemental (D:14)
  17 vampire mosquitoes
  5 basilisks
  A steam dragon (Lair:6)
  2 wyverns (Lair:8)
  A soldier ant (D:14)
  14 water moccasins
  28 wolves
  5 insubstantial wisps (Swamp:2)
  2 hungry ghosts
  4 nagas (Lair:6)
  A mottled dragon (D:15)
  6 porcupines
  22 swamp worms
  Duvessa (D:7)
  14 orc warriors
  4 black bears
  6 wasps
  4 sky beasts
  8 ogres
  9 ice beasts
  A slave (D:7)
  9 swamp drakes
  10 centaurs
  12 crocodiles
  5 phantoms
  7 big kobolds
  A gnoll sergeant (D:12)
  17 giant frogs
  Dowan (D:7)
  2 wyvern skeletons (D:12)
  3 scorpions
  A water moccasin zombie (D:8)
  18 killer bees
  3 electric eels
  A lava snake (D:14)
  2 giant frog zombies
  6 crimson imps
  25 orc priests
  7 hounds
  7 centaur skeletons
  A wasp zombie (D:8)
  A quasit (D:6)
  2 giant frog skeletons
  2 jellies
  7 worker ants
  Natasha (D:2)
  14 iguanas
  43 orc wizards
  19 sheep
  2 hound skeletons
  15 adders
  A worker ant zombie (D:5)
  9 gnolls
  75 river rats
  4 shadow imps
  4 white imps (D:14)
  4 oozes
  An ufetubus (D:14)
  An adder skeleton (D:5)
  2 worms
  8 giant geckos
  142 orcs
  4 ball pythons
  14 goblins
  12 hobgoblins
  16 jackals
  3 quokkas
  13 bats
  6 giant cockroaches
  A giant gecko zombie (D:6)
  5 giant newts
  34 kobolds
  10 rats
1065 creatures vanquished.

Vanquished Creatures (others)
  An alligator (Swamp:2)
  A slime creature (Swamp:3)
  A swamp drake (Swamp:4)
  A centaur zombie (D:7)
  A hound (D:9)
  28 fungi
  6 plants
39 creatures vanquished.

Grand Total: 1104 creatures vanquished

Notes
Turn   | Place    | Note
--------------------------------------------------------------
     0 | D:1      | Loris the Merfolk Hunter began the quest for the Orb.
     0 | D:1      | Reached XP level 1. HP: 16/16 MP: 1/1
   169 | D:1      | Reached XP level 2. HP: 11/22 MP: 2/2
   741 | D:1      | Reached XP level 3. HP: 27/27 MP: 3/3
   814 | D:1      | Reached skill level 5 in Throwing
  1242 | D:2      | Found an iron altar of Okawaru.
  1242 | D:2      | Found a sparkling altar of Nemelex Xobeh.
  1242 | D:2      | Found a white marble altar of Elyvilon.
  1246 | D:2      | Found a shadowy altar of Dithmenos.
  1246 | D:2      | Found a shattered altar of Ashenzari.
  1247 | D:2      | Found a shimmering altar of Xom.
  1254 | D:2      | Reached skill level 1 in Polearms
  1257 | D:2      | Became a worshipper of Warmaster Okawaru
  1278 | D:2      | Reached XP level 4. HP: 33/33 MP: 4/4
  1969 | D:2      | Noticed Natasha
  1978 | D:2      | Killed Natasha
  1978 | D:2      | Reached XP level 5. HP: 9/38 MP: 5/5
  2322 | D:3      | Found a blossoming altar of Fedhas.
  2361 | D:3      | Found a glowing drain.
  2365 | Sewer    | Entered a sewer
  2397 | Sewer    | Reached skill level 5 in Polearms
  2636 | Sewer    | Reached skill level 6 in Polearms
  2636 | Sewer    | Reached XP level 6. HP: 37/44 MP: 6/6
  2775 | D:3      | Acquired Okawaru's first power
  2925 | D:3      | Reached skill level 7 in Polearms
  3503 | D:4      | Noticed Loris's ghost (average HEHu)
  3541 | D:4      | Killed Loris's ghost
  3541 | D:4      | Reached skill level 8 in Polearms
  3541 | D:4      | Reached XP level 7. HP: 9/50 MP: 7/7
  3568 | D:4      | HP: 2/50 [poisoned by Loris's ghost]
  3653 | D:4      | Reached skill level 9 in Polearms
  4201 | D:4      | Found a snail-covered altar of Cheibriados.
  4283 | D:4      | Found an ancient bone altar of Kikubaaqudgha.
  4736 | D:5      | Entered Level 5 of the Dungeon
  4891 | D:5      | Reached skill level 10 in Polearms
  5549 | D:5      | Reached skill level 11 in Polearms
  5601 | D:5      | Found a glowing silver altar of Zin.
  5627 | D:5      | Reached XP level 8. HP: 47/56 MP: 8/8
  6158 | D:5      | Reached skill level 12 in Polearms
  6272 | D:5      | Found a staircase to the Ecumenical Temple.
  6480 | D:5      | Reached skill level 13 in Polearms
  6730 | D:6      | Reached skill level 1 in Invocations
  6876 | D:6      | Reached XP level 9. HP: 62/62 MP: 9/9
  6926 | D:6      | Reached skill level 1 in Armour
  8116 | D:7      | Noticed Pikel
  8137 | D:7      | Killed Pikel
  8459 | D:7      | Found a glowing silver altar of Zin.
  8627 | D:7      | Noticed Duvessa
  8627 | D:7      | Noticed Dowan
  8642 | D:7      | Killed Duvessa
  8647 | D:7      | Killed Dowan
  8741 | D:8      | Reached skill level 5 in Dodging
  9029 | D:8      | Reached XP level 10. HP: 70/72 MP: 12/12
  9251 | D:8      | Found a basalt altar of Yredelemnul.
  9847 | D:9      | Reached skill level 5 in Fighting
  9992 | D:9      | Noticed Erica
 10035 | D:9      | Killed Erica
 10035 | D:9      | Acquired Okawaru's second power
 10035 | D:9      | Reached skill level 14 in Polearms
 10407 | D:9      | Found Tixtiog's Distillery.
 10416 | D:9      | Bought a potion of curing for 39 gold pieces
 10416 | D:9      | Bought a potion of curing for 39 gold pieces
 10416 | D:9      | Bought a potion of heal wounds for 65 gold pieces
 10451 | D:9      | Found a sacrificial altar of Ru.
 10506 | D:9      | Found Qaxzoz's Antique Weapon Boutique.
 10570 | D:9      | Noticed Joseph
 10571 | D:9      | Got a distressingly furry cloak
 10572 | D:9      | Identified the +2 cloak "Zecae" {rN+ MR+ Int+5} (You found it on level 9 of the Dungeon)
 10592 | D:9      | Killed Joseph
 10592 | D:9      | Received a gift from Okawaru
 10592 | D:9      | Reached skill level 5 in Stealth
 10592 | D:9      | Reached skill level 5 in Invocations
 11101 | D:10     | Entered Level 10 of the Dungeon
 11161 | D:10     | Noticed a hill giant
 11176 | D:10     | Killed a hill giant
 11176 | D:10     | Received a gift from Okawaru
 11176 | D:10     | Reached XP level 11. HP: 10/81 MP: 8/14
 11514 | D:10     | Found Ucevuf's Gadget Emporium.
 11519 | D:10     | Noticed a hill giant
 11526 | D:10     | Killed a hill giant
 11952 | D:10     | Reached skill level 1 in Shields
 11978 | D:10     | Noticed a tengu warrior
 12027 | D:10     | Killed a tengu warrior
 12674 | D:11     | Found a runed door.
 12677 | D:11     | Noticed an eight-headed hydra
 12713 | D:11     | Killed an eight-headed hydra
 13023 | D:11     | Found a staircase to the Lair.
 13037 | Lair:1   | Entered Level 1 of the Lair of Beasts
 13072 | Lair:1   | Noticed an eight-headed hydra
 13087 | Lair:1   | Killed an eight-headed hydra
 13142 | Lair:1   | Received a gift from Okawaru
 13439 | Lair:1   | Reached XP level 12. HP: 81/92 MP: 15/15
 14426 | Lair:2   | Received a gift from Okawaru
 14741 | Lair:2   | Noticed Fannar
 14786 | Lair:2   | Killed Fannar
 14786 | Lair:2   | Reached skill level 5 in Armour
 15581 | Lair:3   | Received a gift from Okawaru
 15912 | Lair:3   | Reached skill level 10 in Dodging
 16874 | Lair:4   | Noticed Sonja
 16880 | Lair:4   | Killed Sonja
 16880 | Lair:4   | Received a gift from Okawaru
 16880 | Lair:4   | Reached skill level 5 in Shields
 16952 | Lair:4   | Identified a +0 rod of destruction (11/11) (You found it on level 3 of the Lair of Beasts)
 17079 | Lair:4   | Noticed a five-headed hydra
 17088 | Lair:4   | Killed a five-headed hydra
 17097 | Lair:4   | Received a gift from Okawaru
 17210 | Lair:4   | Found a staircase to the Swamp.
 17662 | Lair:5   | Noticed a death yak
 17664 | Lair:5   | Noticed a death yak
 17665 | Lair:5   | Noticed a death yak
 17667 | Lair:5   | Noticed a death yak
 17668 | Lair:5   | Noticed a death yak
 17669 | Lair:5   | Noticed a death yak
 17690 | Lair:5   | Killed a death yak
 17690 | Lair:5   | Received a gift from Okawaru
 17690 | Lair:5   | Reached XP level 13. HP: 77/101 MP: 11/16
 17697 | Lair:5   | Killed a death yak
 17707 | Lair:5   | Killed a death yak
 17715 | Lair:5   | Killed a death yak
 17720 | Lair:5   | Killed a death yak
 17723 | Lair:5   | Killed a death yak
 17763 | Lair:5   | Received a gift from Okawaru
 18419 | Lair:6   | Reached skill level 10 in Throwing
 18455 | Lair:6   | Reached skill level 10 in Fighting
 18863 | Lair:6   | Found a staircase to the Snake Pit.
 19464 | Lair:7   | Reached XP level 14. HP: 93/111 MP: 17/17
 19500 | Lair:7   | Received a gift from Okawaru
 19991 | Lair:7   | Gained mutation: You are robust (+10% HP). [potion of beneficial mutation]
 20096 | Lair:7   | Received a gift from Okawaru
 20474 | Lair:8   | Entered Level 8 of the Lair of Beasts
 21156 | Lair:8   | Got a twisted chain mail
 21167 | Lair:8   | Identified the +1 chain mail of Protective Custody {rC- MR+++ Int+5} (You found it on level 8 of the Lair of Beasts)
 21282 | Lair:8   | Found a viscous altar of Jiyva.
 21283 | Lair:8   | Found a staircase to the Slime Pits.
 21454 | Lair:8   | Received a gift from Okawaru
 21988 | D:12     | You fall through a shaft!
 22492 | D:13     | Found Vaot's Antique Weapon Emporium.
 22595 | D:13     | Noticed Nessos
 22623 | D:13     | Killed Nessos
 22929 | D:12     | Reached XP level 15. HP: 115/132 MP: 18/18
 23535 | D:12     | Found a staircase to the Orcish Mines.
 23589 | Orc:1    | Entered Level 1 of the Orcish Mines
 23657 | Orc:1    | Found Xuciacsue's Antique Weapon Boutique.
 23670 | Orc:1    | Bought a runed demon trident for 360 gold pieces
 23729 | Orc:1    | Found a frozen archway.
 23738 | IceCv    | Entered an ice cave
 23923 | IceCv    | Noticed a frost giant
 23942 | IceCv    | Killed a frost giant
 25009 | Orc:2    | Found Soaps's Assorted Antiques.
 25036 | Orc:2    | Noticed Maud
 25053 | Orc:2    | Killed Maud
 25327 | Orc:2    | Found a roughly hewn altar of Beogh.
 25327 | Orc:2    | Found a roughly hewn altar of Beogh.
 25529 | Orc:4    | Entered Level 4 of the Orcish Mines
 25711 | Orc:4    | Received a gift from Okawaru
 25957 | Orc:4    | Found Tohimn's Jewellery Shop.
 25961 | Orc:4    | Found Zylitt's Weapon Shop.
 25964 | Orc:4    | Found Zeptakh's Weapon Boutique.
 25966 | Orc:4    | Found Dypakhla's Antique Weapon Boutique.
 27105 | D:14     | Found a gate to the Vaults.
 27480 | D:14     | Reached skill level 10 in Shields
 27622 | D:14     | Noticed Roxanne
 27976 | D:14     | Killed Roxanne
 28418 | D:14     | Reached skill level 15 in Dodging
 28467 | D:14     | Reached XP level 16. HP: 139/141 MP: 19/19
 28490 | D:15     | Entered Level 15 of the Dungeon
 28541 | D:15     | Noticed kae's ghost (mighty HEHu)
 28577 | D:15     | Killed kae's ghost
 28729 | D:15     | Received a gift from Okawaru
 29058 | D:15     | Upgraded the game from 0.17-a0-1910-g4c791fa to 0.17-a0-1914-gde4187c
 29080 | D:15     | Found a staircase to the Depths.
 29983 | Swamp:1  | Entered Level 1 of the Swamp
 30976 | Swamp:2  | Received a gift from Okawaru
 31191 | Swamp:2  | Learned a level 2 spell: Blink
 31194 | Swamp:2  | Learned a level 2 spell: Shroud of Golubria
 31222 | Swamp:2  | Noticed a spectral shard shrike
 31685 | Swamp:2  | Reached skill level 1 in Translocations
 32436 | Swamp:3  | Received a gift from Okawaru
 32533 | Swamp:3  | HP: 6/144 [spriggan rider/spear[a spriggan druid] (5)]
 33427 | Swamp:3  | Paralysed by a hornet for 2 turns
 33886 | Swamp:4  | Entered Level 4 of the Swamp
 34061 | Swamp:4  | Noticed Appriser's ghost (mighty TrMo)
 34095 | Swamp:4  | Noticed Donald
 34169 | Swamp:4  | Killed Donald
 34169 | Swamp:4  | Reached skill level 16 in Dodging
 34219 | Swamp:4  | Reached XP level 17. HP: 47/150 MP: 20/20
 34220 | Swamp:4  | HP: 2/150 [Appriser's ghost (35)]
 34221 | Swamp:4  | Engulfed by a cloud of poison gas

Vault maps used:
D:1:      dpeg_arrival_sounds_slurp, serial_corexii_hall,
          corexii_hall_statues_i, corexii_hall_statues_i,
          corexii_hall_statues_s, corexii_hall_statues_s, grunt_decor_resistance
D:2:      grunt_temple_overflow_open, minmay_misc_feat_enclosed, uniq_natasha
D:3:      overflow_temple_1_default, lightli_sewer_entry_pipes, first_bread
D:4:      lemuel_coloured_pillars_altar, cheibriados_altar_1
D:5:      minmay_temple_entry_fiery, basic_altar
D:7:      zin_treasury, uniq_pikel, uniq_duvessa
D:8:      basic_altar, grunt_livestock, serial_bayou_ford_a
D:9:      kennysheep_mini_moat, serial_shops, shop, nicolae_shop_stone,
          uniq_joseph, uniq_erica
D:10:     serial_shops, shop, kennysheep_generic_room_13
D:11:     minmay_statue_crystal_thing
D:12:     orc_0_dummy
D:13:     serial_shops, shop, minmay_more_statues, uniq_nessos
D:14:     grunt_vaults_entry_tiered, serial_ice, serial_ice_h, serial_ice_k,
          serial_ice_n, serial_ice_c, infiniplex_staircase_door_maze,
          kennysheep_big_empty_room, kennysheep_another_room, uniq_roxanne
D:15:     hangedman_depths_entry_try_elsewhere_first,
          hangedman_abyss_or_decor_stagger
Lair:1:   guppyfry_lair_drakes, grunt_megastairs_4
Lair:2:   uniq_fannar
Lair:3:   cheibrodos_lair_reptile_den
Lair:4:   nicolae_swamp_entry_splash_gauntlet, grunt_megastairs_5, uniq_sonja
Lair:5:   beast_lair_carwin_1, infiniplex_staircase_pool
Lair:6:   mu_elephants_graveyard, minmay_snake_entry_guardpost_small,
          st_stairs_3
Lair:7:   kilobyte_rumbling_trees
Lair:8:   grunt_lair_end_beastmaster, dpeg_slime_entry_enclosed_altar,
          infiniplex_staircase_pool_2
Swamp:1:  evilmike_swamp_ruin_rubble_1
Swamp:2:  nicolae_swamp_fairy_circle
Swamp:3:  hangedman_swamp_lotus, swamp_pool4
Swamp:4:  swamp_old_school, nicolae_swamp_baby_hydras, uniq_donald
Orc:1:    portal_ice_cave_entry_pillars_02, serial_shops, shop_statue
Orc:2:    basic_altar, serial_shops, nicolae_shop_waterfront, mines2_david,
          uniq_maud
Orc:3:    nicolae_orc_pool_cavern
Orc:4:    st_orc_mages
Sewer:    kennysheep_pipe_town
IceCv:    ice_cave_small_giant

Action                   |  1- 3 |  4- 6 |  7- 9 | 10-12 | 13-15 | 16-18 || total
-------------------------+-------+-------+-------+-------+-------+-------++-------
Melee: Short sword       |    62 |       |       |       |       |       ||    62
       Spear             |    56 |   199 |   405 |   145 |       |       ||   805
       Trident           |       |       |       |   825 |  1840 |   699 ||  3364
Throw: Javelin           |     1 |    14 |    47 |   148 |   127 |    24 ||   361
       Throwing net      |       |       |     2 |       |       |       ||     2
       Tomahawk          |       |       |       |    20 |    69 |       ||    89
Invok: Finesse           |       |       |       |     8 |     5 |     2 ||    15
       Heroism           |       |       |       |     4 |     1 |       ||     5
 Abil: Evoke Berserk Rag |       |       |       |     1 |       |       ||     1
Evoke: Wand              |       |       |       |     3 |       |       ||     3
       Sack of spiders   |       |       |       |       |       |     1 ||     1
  Use: Scroll            |       |    14 |    12 |    17 |     1 |     2 ||    46
       Potion            |       |       |       |     8 |     2 |     7 ||    17
 Stab: Sleeping          |     2 |     9 |     6 |     9 |    10 |     5 ||    41
       Distracted        |       |     2 |     2 |     2 |     3 |     2 ||    11
       Held in net/web   |       |       |     1 |       |       |       ||     1
       Petrifying        |       |       |       |       |     3 |       ||     3
       Petrified         |       |       |       |       |     3 |       ||     3
  Eat: Chunk             |     1 |     5 |    12 |    18 |    25 |     5 ||    66
       Meat ration       |       |     1 |       |     1 |     1 |     2 ||     5
       Fruit             |       |       |     2 |       |     4 |     1 ||     7
       Royal jelly       |       |       |       |     1 |       |       ||     1
       Beef jerky        |       |       |       |     3 |       |     1 ||     4
       Bread ration      |       |       |       |     1 |       |       ||     1
